 Dungeon Crawl Stone Soup version 0.30-a0-847-g17996783a1 (webtiles) character file.

Game seed: 8984220787488808548

325 Rocko1345 the Grave Robber (level 6, -8/41 HPs)
             Began as a Mummy Necromancer on Mar 3, 2023.
             Was an Initiate of Yredelemnul.
             Mangled by Crazy Yiuf
             ... wielding a +3 quarterstaff of chaos
              (15 damage)
             ... on level 3 of the Dungeon.
             The game lasted 00:12:59 (2347 turns).

Rocko1345 the Grave Robber (Mummy Necromancer)      Turns: 2347, Time: 00:12:59

Health: -8/41      AC:  5    Str: 12    XL:     6   Next: 24%
Magic:  11/13      EV: 12    Int: 16    God:    Yredelemnul [......]
Gold:   139        SH:  5    Dex: 12    Spells: 9/15 levels left

rFire   x . .      SeeInvis .    b - +1 dagger (venom)
rCold   + . .      Faith    +    (no shield)
rNeg    + + +      Spirit   .    p - +2 robe {Will+}
rPois   ∞          Reflect  +    (no helmet)
rElec   .          Rampage  .    m - +0 cloak
rCorr   .                        (no gloves)
Will    +....                    (no boots)
Stlth   ++                       d - amulet of reflection
HPRegen 0.26/turn                (no ring)
MPRegen 0.13/turn                (no ring)

@: no status effects
A: cold resistance 1, negative energy resistance 3, torment resistance 2, heat
vulnerability 1, in touch with death 1, no potions, faith
a: Renounce Religion, Recall Undead Harvest


You were on level 3 of the Dungeon.
You worshipped Yredelemnul.
Yredelemnul was noncommittal.
You visited 1 branch of the dungeon, and saw 3 of its levels.

You collected 227 gold pieces.
You spent 88 gold pieces at shops.

Inventory:

Hand Weapons
 b - a +1 dagger of venom (weapon)
 f - a +2 dagger of speed
 k - the +11 battleaxe "Extyjo" {heavy, rElec}
   (You found it on level 2 of the Dungeon)

   rElec:     It insulates you from electricity.
 n - a +2 vampiric dagger
Missiles
 l - 4 boomerangs
Armour
 a - a +0 robe
 m - a +0 cloak (worn)
 p - a +2 robe of willpower (worn)
Jewellery
 d - an amulet of reflection (around neck)
 j - an amulet of the acrobat
Wands
 o - a wand of mindburst (13)
 r - a wand of quicksilver (10)
Scrolls
 c - a scroll of teleportation {unknown}
 e - a scroll of immolation {unknown}
 g - a scroll of identify {unknown}
 h - a scroll of butterflies {unknown}
 i - a scroll of poison {unknown}
 q - a scroll of magic mapping {unknown}


   Skills:
 + Level 0.2 Short Blades
 + Level 1.7 Dodging
 + Level 1.8 Stealth
 + Level 0.2 Shields
 * Level 5.2 Spellcasting
 * Level 6.2 Necromancy
 + Level 0.1 Invocations
 + Level 0.2 Evocations


You had 9 spell levels left.
You knew the following spells:

 Your Spells              Type           Power      Damage    Failure   Level
a - Necrotise             Necr           100%       1d9       1%          1
b - Vampiric Draining     Necr           36%        2d8       3%          3
c - Blink                 Tloc           8%         N/A       22%         2

Your spell library contained the following spells:

 Spells                   Type           Power      Damage    Failure   Level
 Agony                    Necr           36%        N/A       32%         5
 Manifold Assault         Tloc           4%         N/A       83%         4
 Animate Dead             Necr           Unusable   N/A       N/A         4
 Storm Form               Tmut/Air       Unusable   N/A       N/A         7

Dungeon Overview and Level Annotations

Branches:
Dungeon (3/15)

Altars:
Yredelemnul

Shops:
D:3 =[

Annotations:
D:3 Crazy Yiuf


Innate Abilities, Weirdness & Mutations

You are immune to poison.
Your flesh is cold resistant. (rC+)
You are immune to negative energy. (rN+++)
You are immune to unholy pain and torment.
You are vulnerable to heat. (rF-)
You are in touch with the powers of death.
You do not drink.
You have a special connection with the divine. (Faith)


Message History

Aim: a goblin, wielding a +0 club (heavily wounded, ally target, chance to affect: 93%)
You feel a surge of power!
The goblin writhes in agony.
You kill the goblin!
The dead are walking!
You see here a +0 club.
HP restored.
You swap places.
You swap places.
You swap places.
You see here a +0 club.
Crazy Yiuf shouts!
As you open the door, it creaks loudly!
Casting: Necrotise (safe; 1% risk of failure)
Confirm with . or Enter, or press ? or * to list all spells.
Aiming: Necrotise (safe; 1% risk of failure)
Press: ? - help, Shift-Dir - straight line, f - Crazy Yiuf
Aim: Crazy Yiuf, wielding a +3 quarterstaff of chaos and wearing a +0 cloak (chance to affect: 88%)
You feel a surge of power!
Crazy Yiuf writhes in agony.
Crazy Yiuf hits you with a +3 quarterstaff of chaos.
Casting: Necrotise (safe; 1% risk of failure)
Confirm with . or Enter, or press ? or * to list all spells.
Aiming: Necrotise (safe; 1% risk of failure)
Press: ? - help, Shift-Dir - straight line, f/p - Crazy Yiuf
Aim: Crazy Yiuf, wielding a +3 quarterstaff of chaos and wearing a +0 cloak (lightly wounded, chance to affect: 88%)
You feel a surge of power!
Crazy Yiuf writhes in agony.
Crazy Yiuf hits you with a +3 quarterstaff of chaos!
You resist with almost no effort.
You hit Crazy Yiuf.
Crazy Yiuf is poisoned.
Crazy Yiuf is moderately wounded.
Crazy Yiuf barely misses you.
You hit Crazy Yiuf.
Crazy Yiuf is heavily wounded.
Crazy Yiuf hits you with a +3 quarterstaff of chaos!
You hit Crazy Yiuf.
Crazy Yiuf looks as sick as possible!
Crazy Yiuf is heavily wounded.
Crazy Yiuf hits you with a +3 quarterstaff of chaos!
* * * LOW HITPOINT WARNING * * *
You are electrocuted!
You die...
Yredelemnul claims you as an undead slave.

##### #)..# #...#
#### ... #..# #g#
#..# ###### #@##
###..# ###Z.ZZ##
##.# #.....
#ZZZ##Z.# #.##
#.###. ###Z#####.#
##.# #.# #.
#..Z...##.# ##.##
###.###. #..Z...####
##...# ###...##..
#..Z...# #....#
###>..#....#
#..Z...# ##..##
#...........
###Z####
##....###.#..#######


You could see Crazy Yiuf (extremely poisoned).

Vanquished Creatures
  Grinder (D:3)
  Ijyb (D:3)
  Terence (D:3)
  An adder (D:2)
  A worm (D:2)
  3 orcs (D:3)
  2 ball pythons
  8 bats
  3 endoplasms
  4 giant cockroaches
  5 hobgoblins
  3 jackals (D:2)
  A quokka (D:1)
  7 frilled lizards
  9 goblins
  5 kobolds
  4 rats
59 creatures vanquished.

Vanquished Creatures (collateral kills)
  A hobgoblin (D:3)
  A ball python (D:2)
  A goblin (D:1)
3 creatures vanquished.

Vanquished Creatures (others)
  A worm zombie (D:2)
  A frilled lizard zombie (D:3)
  A giant cockroach zombie (D:3)
  A hobgoblin zombie (D:3)
  2 kobold zombies (D:3)
  2 orc zombies (D:3)
8 creatures vanquished.

Grand Total: 70 creatures vanquished

Notes
Turn   | Place    | Note
-------+----------+-------------------------------------------
     0 | D:1      | Rocko1345 the Mummy Necromancer began the quest for the
                  | Orb.
     0 | D:1      | Reached XP level 1. HP: 13/13 MP: 4/4
   184 | D:1      | Reached XP level 2. HP: 19/19 MP: 2/5
   696 | D:2      | Gained mutation: You are in touch with the powers of death.
                  | [Mummy growth]
   696 | D:2      | Reached XP level 3. HP: 5/24 MP: 1/7
   781 | D:2      | Learned a level 3 spell: Vampiric Draining
  1048 | D:2      | Found a faded altar of an unknown god.
  1097 | D:2      | Found a basalt altar of Yredelemnul.
  1108 | D:2      | Became a worshipper of Yredelemnul the Dark
  1111 | D:2      | Identified the +11 battleaxe "Extyjo" {heavy, rElec}
  1225 | D:2      | Reached * piety under Yredelemnul
  1539 | D:3      | Found Odghuat's Jewellery Boutique.
  1598 | D:3      | Found Soofuenk's Antique Armour Emporium.
  1651 | D:3      | Learned a level 2 spell: Blink
  1657 | D:3      | Bought a runed robe for 88 gold pieces
  1745 | D:3      | Reached XP level 4. HP: 30/30 MP: 9/9
  1828 | D:3      | Noticed Terence
  1847 | D:3      | Killed Terence
  1848 | D:3      | Reached skill level 5 in Necromancy
  1993 | D:3      | Found a runed translucent door.
  1994 | D:3      | Noticed Crazy Yiuf
  2013 | D:3      | Noticed Ijyb
  2020 | D:3      | Killed Ijyb
  2021 | D:3      | Noticed Grinder
  2057 | D:3      | Paralysed by Grinder for 3 turns
  2065 | D:3      | Killed Grinder
  2066 | D:3      | Reached skill level 5 in Spellcasting
  2066 | D:3      | Reached skill level 6 in Necromancy
  2066 | D:3      | Reached XP level 5. HP: 24/35 MP: 8/12
  2066 | D:3      | Reached XP level 6. HP: 28/41 MP: 8/13
  2347 | D:3      | Mangled by Crazy Yiuf

Illustrated notes

Levels and vault maps discovered:
D:1:      minmay_arrival_nine_rooms, layout_rooms, grunt_decor_junction
D:2:      minmay_alternating_diamond, layout_rooms, basic_altar,
          hellmonk_ecumenical_altar_inner_sanctum
D:3:      layout_rooms, serial_shops, nicolae_shop_advertising_works
          [nicolae_subvault_shop_adworks], shop, chequers_arboretum,
          uniq_crazy_yiuf_cottage, uniq_ijyb, uniq_terence, uniq_grinder

Skill      XL: |  1  2  3  4 |
---------------+-------------+-----
Spellcasting   | 3 5 |  5.2
Necromancy     | 6 |  6.2
Short Blades   | |  0.2
Dodging        | |  1.7
Stealth        | |  1.8
Shields        | |  0.2
Invocations    | |  0.1
Evocations     | |  0.2

Action                     |  1- 3 |  4- 6 || total
---------------------------+-------+-------++-------
  Melee: Dagger            |    39 |     8 ||    47
         Punch             |     2 |       ||     2
   Cast: Necrotise         |    62 |    20 ||    82
 Invoke: Recall Undead Har |     3 |       ||     3
  Evoke: Wand              |       |     6 ||     6
   Stab: Sleeping          |     2 |       ||     2
 Armour: Robe              |    12 |     3 ||    15
  Dodge: Dodged            |    34 |     6 ||    40
  Block: Other             |    12 |     1 ||    13
         Reflection        |     1 |       ||     1

Table legend: (Time is in decaauts)
 A = Elapsed time spent in this place.
 B = Non-inter-level travel time spent in this place.
 C = Inter-level travel time spent in this place.
 D = Time resting spent in this place.
 E = Time spent auto-exploring this place.
 F = Levels seen in this place.
 G = Mean time per level.
                   A        B        C        D        E       F      G
               +--------+--------+--------+--------+--------+-----+--------+
         Total |   2347 |   2328 |     19 |    328 |   1140 |   3 |  782.3 |
       Dungeon |   2347 |   2328 |     19 |    328 |   1140 |   3 |  782.3 |
               +--------+--------+--------+--------+--------+-----+--------+

Top non-repeatable levels by time:
     D:3: 880 daAuts
     D:2: 839 daAuts
     D:1: 627 daAuts
